 Dungeon Crawl Stone Soup version 0.28.0-47-ge53b351184 (webtiles) character file.

Game seed: 4197734915735298595

345 mortz the Magician (level 6, 0/32 HPs)
             Began as a Deep Elf Air Elementalist on May 6, 2022.
             Killed from afar by Sigmund (8 damage)
             ... with a puff of flame
             ... on level 3 of the Dungeon.
             The game lasted 00:09:57 (2492 turns).

mortz the Magician (Deep Elf Air Elementalist)      Turns: 2492, Time: 00:09:57

Health: 0/32       AC:  6    Str:  5    XL:     6   Next: 32%
Magic:  7/16       EV: 13    Int: 22    God:
Gold:   16         SH:  0    Dex: 15    Spells: 13/16 levels left

rFire   . . .      SeeInvis .   c - +1 dagger (venom) {short}
rCold   . . .      Faith    .   (no shield)
rNeg    . . .      Spirit   .   a - +0 robe
rPois   .          Reflect  .   e - +2 helmet
rElec   .          Harm     .   (no cloak)
rCorr   .          Rampage  .   g - +0 pair of gloves
Will    .....                   (no boots)
Stlth   ++........              (no amulet)
HPRegen 0.10/turn               (no ring)
MPRegen 0.15/turn               (no ring)

@: no status effects
A: no striking features
a: no special abilities


You were on level 3 of the Dungeon.
You visited 1 branch of the dungeon, and saw 3 of its levels.

You collected 132 gold pieces.
You spent 116 gold pieces at shops.


   Skills:
 + Level 2.8 Dodging
 + Level 3.2 Stealth
 + Level 5.7 Spellcasting
 + Level 3.5 Conjurations
 + Level 4.6 Air Magic


You had 13 spell levels left.
You knew the following spells:

 Your Spells              Type           Power      Damage    Failure   Level
a - Shock                 Conj/Air       96%        1d9       1%          1
b - Static Discharge      Conj/Air       24%        N/A       2%          2

Your spell library contained the following spells:

 Spells                   Type           Power      Damage    Failure   Level
 Swiftness                Air            26%        N/A       4%          3
 Airstrike                Air            13%        N/A       14%         4

Inventory:

Hand Weapons
 c - a +1 dagger of venom (weapon) {short}
   (You found it on level 1 of the Dungeon)
 f - a +0 hand axe {axe}
   (You found it on level 1 of the Dungeon)
Missiles
 d - 16 stones {throwing}
 n - 3 boomerangs {throwing}
Armour
 a - a +0 robe (worn)
 e - a +2 helmet (worn)
   (You found it on level 1 of the Dungeon)
 g - a +0 pair of gloves (worn)
   (You found it on level 2 of the Dungeon)
 o - a +0 leather armour
   (You took it off an orc on level 3 of the Dungeon)
Wands
 p - a wand of polymorph (13)
   (You took it off Grinder on level 3 of the Dungeon)
Scrolls
 h - a scroll of brand weapon {unknown}
 i - a scroll of amnesia
 j - a scroll of identify {@r1}
 l - a scroll of teleportation {unknown}
Potions
 b - a potion of attraction {!q}
 k - a potion of magic
 m - a potion of flight

Dungeon Overview and Level Annotations

Branches:
Dungeon (3/15)

Altars:

Shops:
D:2 *   D:3 ?

Annotations:
D:3 Sigmund

#.# #.#.#.....# ..
#.........#
###.#.....#
#.#.....# #.#.....#
#.#.....# #.#.....#
#.###.### #. #@# #.#
. #.# #.# #. #.# #.#
. #)# #.# #.#.# #.#
#.#.###.########
#..)#...........
#####.{#...........
.......>....o.......


There were no monsters in sight!


Message History

Aiming: Shock (safe; 1% risk of failure)
Press: ? - help, Q - select action, (/) - cycle Shift-Dir - straight line, f/p - orc priest
Aim: an orc priest, wielding a +0 club and wearing a +0 ring mail (almost dead, 77% to hit)
The zap hits the orc priest!
You kill the orc priest!
The zap hits the goblin!
You kill the goblin! 😮 MP[-1]
You lost 1 mp, and now have 11/16 mp.
An orc is nearby! 😮 HP[+7] MP[+5]
You regained 7 hp, and now have 24/32 hp.
Your mp is fully restored (16).
Aiming: Shock (safe; 1% risk of failure)
Press: ? - help, Q - select action, (/) - cycle Shift-Dir - straight line, f - orc
Aim: an orc, wielding a +0 mace (wandering, hasn't noticed you, 74% to hit)
The zap hits the orc.
The orc shouts!
You hear a shout! x2 😮 MP[-1]
You lost 1 mp, and now have 15/16 mp.
Aiming: Shock (safe; 1% risk of failure)
Press: ? - help, Q - select action, (/) - cycle Shift-Dir - straight line, f/p - orc
Aim: an orc, wielding a +0 mace (severely wounded, 74% to hit)
The zap misses the orc. 😮 MP[-1]
You lost 1 mp, and now have 14/16 mp.
Aiming: Shock (safe; 1% risk of failure)
Press: ? - help, Q - select action, (/) - cycle Shift-Dir - straight line, f/p - orc
Aim: an orc, wielding a +0 mace (severely wounded, 74% to hit)
The zap hits the orc.
You kill the orc! 😕 HP[+1] MP[-1]
You lost 1 mp, and now have 13/16 mp.
You start resting.
An orc wizard comes into view. It is wielding a +0 falchion.
Aiming: Shock (safe; 1% risk of failure)
Press: ? - help, Q - select action, (/) - cycle Shift-Dir - straight line, f - orc wizard
Aim: an orc wizard, wielding a +0 falchion and wearing a +0 robe (67% to hit)
The zap hits the orc wizard.
The orc wizard points at you and mumbles some strange words.
You resist with some effort. 😕 MP[-1]
You lost 1 mp, and now have 12/16 mp.
Aiming: Shock (safe; 1% risk of failure)
Press: ? - help, Q - select action, (/) - cycle Shift-Dir - straight line, f/p - orc wizard
Aim: an orc wizard, wielding a +0 falchion and wearing a +0 robe (heavily wounded, 67% to hit)
The zap hits the orc wizard.
Aiming: Shock (safe; 1% risk of failure)
Press: ? - help, Q - select action, (/) - cycle Shift-Dir - straight line, f/p - orc wizard
Aim: an orc wizard, wielding a +0 falchion and wearing a +0 robe (heavily wounded, 67% to hit)
The zap misses the orc wizard.
An orc comes into view. It is wielding a +0 dagger. 😕 MP[-1]
You lost 1 mp, and now have 11/16 mp.
Aiming: Shock (safe; 1% risk of failure)
Press: ? - help, Q - select action, (/) - cycle Shift-Dir - straight line, f/p - orc wizard
Aim: an orc wizard, wielding a +0 falchion and wearing a +0 robe (heavily wounded, 67% to hit)
The zap hits the orc wizard.
The orc shouts!
Sigmund the Dreaded comes into view.
He is wielding a +0 vorpal scythe. 😕 MP[-1]
You lost 1 mp, and now have 10/16 mp.
Aiming: Shock (safe; 1% risk of failure)
Press: ? - help, Q - select action, (/) - cycle Shift-Dir - straight line, f - Sigmund, p - orc wizard
Aim: Sigmund, wielding a +0 vorpal scythe and wearing a +0 robe (71% to hit)
The zap misses the orc wizard.
The zap hits the orc!
The zap hits Sigmund but does no damage. 😕 MP[-1]
You lost 1 mp, and now have 9/16 mp.
Aiming: Shock (safe; 1% risk of failure)
Press: ? - help, Q - select action, (/) - cycle Shift-Dir - straight line, f/p - Sigmund
Aim: Sigmund, wielding a +0 vorpal scythe and wearing a +0 robe (71% to hit)
The zap misses the orc wizard.
The zap hits the orc.
You kill the orc!
The zap hits Sigmund.
Sigmund gestures wildly while chanting.
Sigmund flickers and vanishes!
Deactivating autopickup; reactivate with Ctrl-A. 😕 MP[-1]
You lost 1 mp, and now have 8/16 mp.
Casting: Shock (safe; 1% risk of failure)
Confirm with . or Enter, or press ? or * to list all spells.
The orc wizard is struck by an arc of lightning!
You kill the orc wizard!
The lightning grounds out.
A puff of flame appears from out of thin air!
The puff of flame hits you. 😮 HP[-6] MP[-2]
You take 6 damage, and now have 19/32 hp.
You lost 2 mp, and now have 6/16 mp.
A puff of flame appears from out of thin air!
The puff of flame hits you!
* * * LOW HITPOINT WARNING * * *
😱 HP[-11]
You take 11 damage, and now have 8/32 hp.
MASSIVE DAMAGE!! (PAUSE)
A puff of flame appears from out of thin air!
The puff of flame hits you!
You die...

Skill      XL: |  1  2  3  4 |
---------------+-------------+-----
Spellcasting   | 4 5 |  5.7
Conjurations   | 2 3 |  3.5
Stealth        | 3 |  3.2
Air Magic      | 4 |  4.6
Dodging        | |  2.8

Action                   |  1- 3 |  4- 6 || total
-------------------------+-------+-------++-------
Melee: Dagger            |     5 |     1 ||     6
 Cast: Shock             |    60 |    24 ||    84
       Static Discharge  |     4 |     6 ||    10
  Use: Potion            |     1 |       ||     1
       Scroll            |     3 |     3 ||     6
Armor: Robe              |     1 |     1 ||     2
Dodge: Dodged            |     7 |     2 ||     9

Levels and vault maps discovered:
D:1:      eino_arrival_water_star, layout_loops_ring,
          shapermc_ecumenical_altar_pompeii
D:2:      layout_loops_ring, serial_shops,
          nicolae_shop_competitors_out_of_business, hangedman_decor_opposing
D:3:      layout_basic, serial_shops, shop, uniq_sigmund, uniq_grinder

Notes
Turn   | Place    | Note
-------+----------+-------------------------------------------
     0 | D:1      | mortz the Deep Elf Air Elementalist began the quest for the
                  | Orb.
     0 | D:1      | Reached XP level 1. HP: 10/10 MP: 6/6
     0 | D:1      | magus.rc [v1.9.6]
   229 | D:1      | Reached XP level 2. HP: 15/15 MP: 5/8
   233 | D:1      | Learned a level 2 spell: Static Discharge
   461 | D:1      | Found a faded altar of an unknown god.
   981 | D:2      | HP: 2/15 [adder (2)]
   986 | D:2      | Reached XP level 3. HP: 6/19 MP: 0/10
   987 | D:2      | HP: 4/19 [poisoned by an adder]
  1425 | D:2      | Reached skill level 4 in Spellcasting
  1547 | D:2      | Found Domublo's Assorted Antiques.
  1555 | D:2      | Bought a scroll labelled ULACWO ETZETA for 25 gold pieces
  1555 | D:2      | Bought a scroll labelled ESAKHL IGAUDD for 25 gold pieces
  1976 | D:3      | Reached skill level 2 in Conjurations
  1976 | D:3      | Reached XP level 4. HP: 24/24 MP: 3/12
  1980 | D:3      | Reached skill level 3 in Stealth
  2060 | D:3      | Found Nute's Magic Scroll Boutique.
  2063 | D:3      | Bought a scroll of identify for 22 gold pieces
  2063 | D:3      | Bought a scroll of identify for 22 gold pieces
  2063 | D:3      | Bought a scroll of identify for 22 gold pieces
  2098 | D:3      | Noticed Grinder
  2106 | D:3      | Killed Grinder
  2107 | D:3      | Reached skill level 5 in Spellcasting
  2107 | D:3      | Reached skill level 3 in Conjurations
  2107 | D:3      | Reached skill level 4 in Air Magic
  2107 | D:3      | Reached XP level 5. HP: 10/28 MP: 1/14
  2107 | D:3      | Reached XP level 6. HP: 11/32 MP: 1/16
  2487 | D:3      | Noticed Sigmund
  2491 | D:3      | HP: 8/32 [something/puff of flame (12)]
  2492 | D:3      | Killed from afar by Sigmund

Vanquished Creatures
  Grinder (D:3)
  An orc priest (D:3)
  2 orc wizards (D:3)
  3 adders
  4 orcs (D:3)
  4 ball pythons
  4 endoplasms
  3 giant cockroaches
  6 goblins
  2 hobgoblins (D:1)
  3 jackals (D:1)
  5 kobolds
  A quokka (D:3)
  4 bats
  A frilled lizard (D:2)
  5 rats
49 creatures vanquished.

Table legend:
 A = Non-vault XP
 B = Vault XP
 C = Vault XP percentage of total XP
 D = Non-vault monster count
 E = Vault monster count
 F = Vault count percentage of total count
                 A         B        C        D         E       F
            +---------+---------+-------+---------+---------+-------
      Total |     226 |     267 |  54.2 |      48 |       1 |   2.0
            +---------+---------+-------+---------+---------+-------
        D:1 |      27 |       0 |   0.0 |      16 |       0 |   0.0
        D:2 |      51 |       0 |   0.0 |      18 |       0 |   0.0
        D:3 |     148 |     267 |  64.3 |      14 |       1 |   6.7
            +---------+---------+-------+---------+---------+-------

Illustrated notes

Table legend:
 A = Kills in this place as a percentage of kills in entire the game.
 B = Kills by you in this place as a percentage of kills by you in the entire game.
 C = Kills by friends in this place as a percentage of kills by friends in the entire game.
 D = Other kills in this place as a percentage of other kills in the entire game.
 E = Experience gained in this place as a percentage of experience gained in the entire game.
 F = Experience gained in this place divided by the number of levels of this place that you have seen.
                   A       B       C       D       E      F
               +-------+-------+-------+-------+-------+----------------------
         Total | 100.0 | 100.0 |   N/A |   N/A | 100.0 | 164.3
       Dungeon | 100.0 | 100.0 |   N/A |   N/A | 100.0 | 164.3
               +-------+-------+-------+-------+-------+----------------------

Table legend: (Time is in decaauts)
 A = Elapsed time spent in this place.
 B = Non-inter-level travel time spent in this place.
 C = Inter-level travel time spent in this place.
 D = Time resting spent in this place.
 E = Time spent auto-exploring this place.
 F = Levels seen in this place.
 G = Mean time per level.
                   A        B        C        D        E       F      G
               +--------+--------+--------+--------+--------+-----+--------+
         Total |   2492 |   2447 |     45 |    205 |   1989 |   3 |  830.7 |
       Dungeon |   2492 |   2447 |     45 |    205 |   1989 |   3 |  830.7 |
               +--------+--------+--------+--------+--------+-----+--------+

Top non-repeatable levels by time:
     D:2: 1093 daAuts
     D:1: 836 daAuts
     D:3: 562 daAuts
